Map: Nightshade LE

Players

Eleven - Winner!

  • Race: Protoss Protoss
  • League: Diamond
  • Spawn Location: 11:00

A.I. 1 (Easy)

  • Race: Terran Terran
  • Spawn Location: 5:00

VOD

Have the link to the VOD?

Description

Time

  • Played on: April 11, 2020, 12:50 a.m.
  • Length: 10:16
Show
View Real Time Build Order
Export as new Build Order

Eleven Protoss - Winner!

Build Orders: Colossus Rush 

Get SALT Encoding   

  12  0:03  Probe  
  13  0:15  Probe  
  13  0:20  Pylon  
  14  0:27  Probe  
  15  0:39  Probe (Chrono Boost), Gateway  
  16  0:48  Assimilator  
  16  0:53  Probe (Chrono Boost)  
  17  1:00  Probe (Chrono Boost)  
  18  1:08  Probe (Chrono Boost)  
  19  1:20  Probe (Chrono Boost)  
  20  1:26  Probe (Chrono Boost)  
  20  1:28  Cybernetics Core  
  21  1:35  Assimilator, Probe  
  22  1:47  Nexus  
  22  1:53  Pylon  
  22  1:58  Probe  
  23  2:08  Warp Gate  
  23  2:11  Stalker  
  25  2:19  Probe  
  26  2:30  Gateway  
  26  2:33  Robotics Facility  
  26  2:34  Probe  
  27  2:42  Stalker  
  29  2:53  Pylon  
  29  2:54  Probe (Chrono Boost)  
  30  3:00  Probe (Chrono Boost)  
  32  3:06  Probe (Chrono Boost)  
  32  3:23  Robotics Bay  
  32  3:24  Observer  
  33  3:30  Probe  
  33  3:31  Probe  
  35  3:34  Assimilator  
  35  3:36  Assimilator  
  35  3:43  Probe x2  
  37  3:49  Pylon  
  37  3:54  Immortal  
  37  3:55  Probe  
  42  4:01  Pylon  
  42  4:04  Stalker  
  44  4:10  Stalker  
  46  4:20  Probe x2 (Chrono Boost)  
  48  4:25  Extended Thermal Lance  
  48  4:30  Probe x2 (Chrono Boost)  
  50  4:42  Forge, Twilight Council  
  50  4:45  Probe (Chrono Boost)  
  52  4:51  Probe (Chrono Boost)  
  52  4:55  Probe (Chrono Boost)  
  52  4:58  Colossus  
  59  5:05  Probe (Chrono Boost)  
  61  5:08  Probe (Chrono Boost)  
  61  5:19  Probe (Chrono Boost)  
  62  5:22  Nexus  
  62  5:24  Pylon  
  62  5:26  Probe  
  63  5:28  Probe  
  63  5:31  Pylon  
  64  5:38  Protoss Ground Weapons Level 1  
  64  5:48  Stalker  
  64  5:49  Stalker  
  68  5:53  Colossus  
  74  6:02  Gateway  
  74  6:04  Gateway  
  74  6:11  Gateway  
  74  6:12  Gateway  
  74  6:18  Charge  
  74  6:23  Robotics Facility  
  74  6:27  Stalker x2  
  78  6:36  Probe (Chrono Boost)  
  78  6:37  Probe x2 (Chrono Boost)  
  81  6:46  Probe (Chrono Boost)  
  81  6:47  Probe x2 (Chrono Boost)  
  84  6:56  Probe (Chrono Boost), Pylon  
  84  6:58  Pylon  
  84  7:00  Probe (Chrono Boost)  
  87  7:02  Probe (Chrono Boost)  
  87  7:03  Zealot x3  
  87  7:07  Probe (Chrono Boost)  
  94  7:11  Probe x2 (Chrono Boost)  
  94  7:13  Colossus (Chrono Boost)  
  102  7:18  Pylon  
  102  7:20  Probe (Chrono Boost), Pylon  
  105  7:25  Probe x2 (Chrono Boost)  
  106  7:31  Probe (Chrono Boost)  
  106  7:34  Probe (Chrono Boost)  
  114  7:37  Pylon  
  114  7:38  Colossus (Chrono Boost), Probe (Chrono Boost)  
  114  7:42  Assimilator  
  114  7:45  Protoss Ground Weapons Level 2 (Chrono Boost)  
  114  7:47  Assimilator  
  114  7:54  Zealot x4  
  114  7:55  Zealot x2  
  126  8:05  Warp Prism  
  128  8:14  Probe x3  
  131  8:27  Colossus  
  131  8:31  Zealot x2  
  131  8:32  Nexus  
  141  8:42  Pylon  
  141  8:43  Pylon  
  141  8:45  Pylon  
  141  8:54  Pylon  
  141  8:56  Pylon  
  141  8:58  Pylon  
  141  9:07  Stalker  
  141  9:08  Stalker x5  
  149  9:32  Zealot x6  
  161  9:53  Zealot x6  
Show
View Real Time Build Order
Export as new Build Order

A.I. 1 (Easy) Terran 

Build Orders:  

Get SALT Encoding   

  12  0:00  SCV  
  13  0:13  SCV  
  14  0:17  Supply Depot  
  14  0:25  SCV  
  15  0:39  SCV  
  16  0:43  Barracks  
  16  1:08  Command Center  
  16  1:32  Marine, Supply Depot  
  16  1:33  Orbital Command  
  17  1:40  Refinery  
  17  1:50  Marine, Refinery  
  18  1:58  SCV  
  19  2:08  Marine  
  19  2:10  SCV  
  21  2:23  SCV x2  
  21  2:27  Barracks Tech Lab  
  23  2:35  SCV x2  
  25  2:45  Marine, Refinery  
  26  2:52  SCV  
  26  2:57  SCV  
  28  3:04  SCV  
  29  3:08  Marauder  
  29  3:09  SCV  
  32  3:17  SCV  
  33  3:22  Supply Depot  
  33  3:24  SCV  
  34  3:29  SCV  
  34  3:31  Marine  
  36  3:36  SCV  
  37  3:41  SCV  
  38  3:48  SCV  
  38  3:52  Supply Depot  
  38  3:53  Marine, SCV  
  41  4:00  SCV  
  42  4:05  SCV  
  43  4:14  SCV  
  43  4:16  Factory, Marine  
  45  4:19  Supply Depot  
  45  4:20  SCV  
  46  4:29  SCV  
  47  4:33  SCV  
  48  4:39  Marine  
  48  4:41  SCV  
  48  4:44  Supply Depot  
  50  4:45  SCV  
  51  4:53  SCV  
  51  4:58  SCV  
  51  4:59  Refinery  
  53  5:01  Starport  
  53  5:03  Marauder  
  53  5:05  SCV  
  56  5:10  SCV  
  57  5:15  Supply Depot  
  57  5:17  SCV  
  58  5:22  SCV  
  58  5:26  Marauder  
  61  5:30  SCV  
  61  5:34  SCV  
  63  5:37  Starport Tech Lab  
  63  5:42  SCV  
  64  5:49  Marauder  
  66  5:55  Raven  
  68  6:11  Marauder  
  70  6:34  Marauder  
  70  6:38  Raven  
  73  9:14  Marine  
  54  9:25  Supply Depot  
  54  9:28  SCV  
  54  9:29  Viking  
  33  9:40  SCV  
  33  9:43  Hellion  
Tags
 
League
Diamond
Matchup
PvT
Spawn Locations
Cross Positions
Add a new tag
Caveats
  • Supply blocks, unpowered buildings, or Contaminate may cause inaccurate times.
  • Supply counts are checked every 10 seconds.